 Dungeon Crawl Stone Soup version 0.17-a0-1951-g62301d3 (webtiles) character file.

42 4thArraOfDagon the Chopper (level 3, 0/51 HPs)
             Began as a Naga Berserker on Oct 2, 2015.
             Was a Believer of Trog.
             Succumbed to a killer bee's poison
             ... on level 4 of the Dungeon.
             The game lasted 00:02:42 (474 turns).

4thArraOfDagon the Chopper (Naga Berserker)          Turns: 474, Time: 00:02:42

Health: 0/51       AC:  2    Str: 25    XL:     3   Next: 54%
Magic:  3/3        EV:  9    Int:  7    God:    Trog [**....]
Gold:   90         SH:  0    Dex: 10    Spells: 0 memorised, 2 levels left

rFire  . . .     SeeInvis +     a - +0 hand axe
rCold  . . .     Clarity  .     b - +0 animal skin
rNeg   . . .     SustAt   .     (no shield)
rPois  +         Gourm    .     (no helmet)
rElec  .         Spirit   .     (no cloak)
rCorr  .         Warding  .     (no gloves)
rMut   .         Rnd*Tele +     (no barding)
MR     .....                    (no amulet)
Stlth  ..........               (no ring)
                                g - ring of teleportation (curse)

@: berserking (expiring), lethally poisoned (0 -> -13), quick, not resistant to
hostile enchantments, extremely unstealthy
A: see invisible, deformed body, poison resistance, slowness 2, slow metabolism
1, spit poison 2, AC +1
a: Spit Poison, Burn Spellbooks, Berserk, Trog's Hand, Renounce Religion, Evoke
Teleportation


You were on level 4 of the Dungeon.
You worshipped Trog.
Trog was pleased with you.
You were not hungry.

You visited 1 branch of the dungeon, and saw 4 of its levels.

You collected 90 gold pieces.

Inventory:

Hand weapons
 a - a +0 hand axe (weapon)
Armour
 b - a +0 animal skin (worn)
Jewellery
 g - a cursed ring of teleportation (left hand)
Scrolls
 h - a scroll of identify {unknown}
 k - a scroll of immolation {unknown}
 l - a scroll of teleportation {unknown}
Potions
 d - a potion of berserk rage {unknown}
 e - a potion of heal wounds {unknown}
 f - a potion of degeneration {unknown}
 i - 2 potions of agility {unknown}
Comestibles
 c - 3 bread rations


   Skills:
 + Level 3.4 Fighting
 * Level 3.7 Axes
 + Level 2.0 Armour
 - Level 1.5 Dodging


You had 2 spell levels left.
You didn't know any spells.

Dungeon Overview and Level Annotations

Branches:
Dungeon (4/15)
 Temple: D:4-7

Altars:


Innate Abilities, Weirdness & Mutations

You cannot wear boots.
Your serpentine skin is tough (AC +1).
You have supernaturally acute eyesight.
Armour fits poorly on your strangely shaped body.
Your system is resistant to poisons.
You cover ground very slowly.
You have a slow metabolism.
You can spit poison.


Message History

You barely miss the killer bee.
The killer bee is severely wounded.
The killer bee misses you. The killer bee stings you!
* * * LOW HITPOINT WARNING * * *
Unknown command.
You closely miss the killer bee.
The killer bee is severely wounded.
The killer bee stings you but does no damage.
Unknown command.
You miss the killer bee.
The killer bee is severely wounded.
* * * LOW HITPOINT WARNING * * *
You feel sick. The killer bee barely misses you. The killer bee stings you.
* * * LOW HITPOINT WARNING * * *
You are more poisoned.
The killer bee poisons you!
Unknown command.
You hit the killer bee.
The killer bee is almost dead.
You die...

#### #..# ..
#..###..#....
.y...y
##.............
.....y#
#......###.....
....... ##......#
#.... ....y..
#......## ....
....... ##......#
...
.S.....###......##
..
.......#y@......#
#..#.....##
#......###....##
##....# #..###
#.%.# #### ...##
#. .


You could see a killer bee.

Vanquished Creatures
  2 adders
  An orc (D:3)
  5 bats
  A goblin (D:1)
  4 hobgoblins
  2 kobolds
  2 ball pythons
  A giant cockroach (D:4)
  2 giant newts (D:3)
  A quokka (D:3)
  2 rats (D:2)
23 creatures vanquished.

Notes
Turn   | Place    | Note
--------------------------------------------------------------
     0 | D:1      | 4thArraOfDagon the Naga Berserker began the quest for the Orb.
     0 | D:1      | Reached XP level 1. HP: 21/21 MP: 1/1
   135 | D:2      | Reached XP level 2. HP: 20/28 MP: 2/2
   177 | D:2      | Found a faded altar to an unknown god.
   248 | D:3      | Reached XP level 3. HP: 34/34 MP: 3/3
   337 | D:3      | Acquired Trog's second power
   471 | D:4      | HP: 2/51 [killer bee (10)]
   474 | D:4      | Succumbed to a killer bee's poison

Vault maps used:
D:1:      ncdulo_lavacross
D:2:      lemuel_doored_altar, ecumenical_altar_1, trog_hazing_becter,
          uniq_natasha, uniq_jessica
D:3:      first_bread, grunt_ministairs_2, led_xom_imps
D:4:      lemuel_round_altar

Action                   || total
-------------------------++-------
Melee: Hand axe          ||    37
Invok: Berserk           ||     3
 Abil: Spit Poison       ||    20
  Eat: Chunk             ||     2
